 Dungeon Crawl Stone Soup version 0.30.0-5-g1a98f26d00 (webtiles) character file.

Game seed: 14275746593571096708

3788 bmack86 the Cleaver (level 9, -6/81 HPs)
             Began as a Minotaur Fighter on May 8, 2023.
             Was a Priest of Okawaru.
             Killed from afar by Maggie (20 damage)
             ... with a bolt of fire
             ... on level 8 of the Dungeon.
             The game lasted 00:14:59 (5913 turns).

bmack86 the Cleaver (Minotaur Fighter)              Turns: 5913, Time: 00:15:00

Health: -6/81      AC: 21    Str: 25    XL:     9   Next: 95%
Magic:  10/10      EV:  6    Int:  5    God:    Okawaru [***...]
Gold:   496        SH:  9    Dex: 10    Spells: 8/8 levels left

rFire   . . .        u - +1 broad axe
rCold   + + .        k - +0 kite shield
rNeg    . . .        x - +0 plate armour
rPois   .            (helmet restricted)
rElec   +            h - +1 cloak
rCorr   .            p - +2 pair of gloves
SInv    .            (no boots)
Will    +....        l - amulet of faith Stlth
                     b - +4 ring of slaying
HPRegen 0.33/turn    i - ring of Resumed Hostilities {rElec rC+}
MPRegen 0.12/turn

%: faith
@: mighty, hasted, very quick
A: horns 2, retaliatory headbutt, iridescent scales 1, cold resistance 1,
strong-willed 1
a: Renounce Religion, Heroism


You were on level 8 of the Dungeon.
You worshipped Okawaru.
Okawaru was most pleased with you.
You visited 2 branches of the dungeon, and saw 9 of its levels.
You also visited: Sewer.

You collected 496 gold pieces.

Inventory:

Hand Weapons
 a - a +0 war axe
 u - a +1 broad axe (weapon)
Missiles
 m - 6 boomerangs (quivered)
 q - 12 poisoned darts
Armour
 h - a +1 cloak (worn)
 k - a +0 kite shield (worn)
 p - a +2 pair of gloves (worn)
 x - a +0 plate armour (worn)
Jewellery
 b - a +4 ring of slaying (left hand)
 c - a ring of fire
 e - a ring of positive energy
 i - the ring of Resumed Hostilities (right hand) {rElec rC+}
   (You acquired it on level 7 of the Dungeon)

   [ring of protection from cold]

   rC:        It protects you from cold.
   rElec:     It insulates you from electricity.
 l - an amulet of faith (around neck)
 y - a ring of fire
Wands
 w - a wand of roots (6)
 z - a wand of acid (11)
Scrolls
 o - 2 scrolls of torment
 r - a scroll of silence
 s - a scroll of teleportation
Potions
 d - a potion of might
 g - 2 potions of magic
 j - 5 potions of flight
 t - a potion of berserk rage {unknown}
 v - 2 potions of brilliance
 A - a potion of heal wounds {unknown}


   Skills:
 + Level 7.8 Fighting
 * Level 10.0 Axes
 + Level 5.2 Throwing
 + Level 7.7 Armour
 + Level 7.6 Shields
 + Level 3.2 Invocations


You had 8 spell levels left.
You didn't know any spells.
Your spell library contained the following spells:

 Spells                   Type           Power      Damage    Failure   Level
 Apportation              Tloc           0%         N/A       100%        1
 Beastly Appendage        Tmut           0%         N/A       100%        1
 Shock                    Conj/Air       0%         1d3       100%        1
 Lesser Beckoning         Tloc           0%         N/A       100%        2
 Sublimation of Blood     Necr           0%         N/A       100%        2
 Wereblood                Tmut           0%         N/A       100%        2
 Frozen Ramparts          Ice            0%         1d1       100%        3
 Gell's Gravitas          Tloc           0%         N/A       100%        3
 Mephitic Cloud           Conj/Pois/Air  0%         N/A       100%        3
 Spider Form              Tmut/Pois      0%         N/A       100%        3
 Swiftness                Air            0%         N/A       100%        3
 Teleport Other           Tloc           0%         N/A       100%        3
 Airstrike                Air            0%         2d(0-16)  100%        4
 Ice Form                 Ice/Tmut       0%         N/A       100%        4
 Petrify                  Tmut/Erth      0%         N/A       100%        4
 Blade Hands              Tmut           0%         N/A       100%        5
 Freezing Cloud           Conj/Ice/Air   0%         6-21      100%        5
 Irradiate                Conj/Tmut      0%         3d11      100%        5
 Dragon Form              Tmut           0%         N/A       100%        7
 Storm Form               Tmut/Air       0%         N/A       100%        7
 Disjunction              Tloc           0%         N/A       100%        8
 Maxwell's Capacitive Co  Air            0%         ∞         100%        8
 Summon Ice Beast         Ice/Summ       Unusable   N/A       N/A         4
 Summon Lightning Spire   Summ/Air       Unusable   N/A       N/A         4

Dungeon Overview and Level Annotations

Branches:
Dungeon (8/15)             Temple (1/1) D:6           Sewer (visited)
   Lair: D:8-11

Altars:
Ashenzari
Dithmenos
Elyvilon
Fedhas
Gozag
Kikubaaqudgha
Makhleb
Okawaru
Qazlal
Ru
Sif Muna
Trog
Uskayaw
Vehumet
Wu Jian
Xom
Yredelemnul
Zin

Annotations:
D:8 Maggie


Innate Abilities, Weirdness & Mutations

You have a pair of horns on your head.
You reflexively headbutt those who attack you in melee.
You are partially covered in iridescent scales. (AC +2)
Your flesh is cold resistant. (rC+)
You are strong-willed. (Will+)


Message History

You block the hornet's attack.
As you read the scroll of teleportation, it crumbles to dust.
You feel strangely unstable. The hornet closely misses you.
The grasping roots constrict you.
* * * LOW HITPOINT WARNING * * *
The hornet stings you but does no damage.
The grasping roots release their grip on you.
Unknown command.
You feel better.
Maggie gestures wildly while chanting.
Maggie attempts to bespell you!
You are mesmerised by Maggie!
You block the hornet's attack.
You closely miss the hornet. Your headbutt misses the hornet.
The hornet is lightly wounded.
The hornet stings you but does no damage.
You are no longer entranced.
The hornet stings you.
* * * LOW HITPOINT WARNING * * *
You feel yourself slow down.
You slice the hornet!!
You kill the hornet!
Okawaru accepts your kill.
Okawaru will now gift you throwing weapons as you gain piety.
Your surroundings suddenly seem different.
Your base Axes skill increases to level 10!
You feel yourself speed up.
You feel very mighty all of a sudden.
It was a potion of haste.
You feel yourself speed up.
You feel like a meek peon again. The wight completely misses you.
You furiously retaliate!
You headbutt the wight! You slice the wight!!
You destroy the wight!
Okawaru accepts your kill.
Things that are here:
a +3 great sword; a +0 robe Maggie gestures at you while chanting.
The bolt of fire hits you!!
You die...

# .# ### #.# #..
####..# #.# ####.....#
#.# ##..@.....##
#####.#
##...#......####......
#..§.≈≈≈≈#@....#.#####
#...§~~~~§§....#.#
#.#≈§~..~§§#...#.# ##
#..≈~.)..~~≈...#.# .
#..≈~.##$.~≈...#.#.#
#..≈~#)#)#~≈...#.#.#
#(.≈~..##†~≈.......#


You could see Maggie.

Vanquished Creatures
  Pikel (D:5)
  A komodo dragon (D:7)
  A hornet (D:8)
  Prince Ribbit (D:5)
  2 steam dragons (D:8)
  Menkaure (D:5)
  Edmund (D:5)
  A water moccasin (D:5)
  3 sky beasts (D:8)
  A black bear (D:5)
  3 ice beasts
  An orc warrior (D:7)
  A centaur (D:7)
  3 ogres
  3 bullfrogs
  A gnoll sergeant (D:7)
  2 scorpions
  3 wights (D:8)
  3 hounds
  A jelly (D:8)
  A sleepcap (D:7)
  An iguana (D:4)
  3 orc wizards
  A sickly merfolk siren (Sewer)
  A malarious merfolk avatar (Sewer)
  9 gnolls (D:7)
  7 adders
  3 river rats (Sewer)
  A shadow imp (D:5)
  A white imp (D:7)
  2 ufetubi
  2 worms
  20 orcs
  4 ball pythons
  3 endoplasms
  A giant cockroach (Sewer)
  6 goblins
  5 hobgoblins
  4 jackals (D:2)
  5 kobolds
  6 quokkas
  4 bats
  12 frilled lizards
  31 rats
167 creatures vanquished.

Notes
Turn   | Place    | Note
-------+----------+-------------------------------------------
     0 | D:1      | bmack86 the Minotaur Fighter began the quest for the Orb.
     0 | D:1      | Reached XP level 1. HP: 19/19 MP: 0/0
    82 | D:1      | Got Kitughio's Monograph on Dimensional Aeromancy
   202 | D:1      | Reached XP level 2. HP: 27/27 MP: 1/1
   240 | D:1      | Reached skill level 3 in Axes
   526 | D:1      | Gained mutation: You have hidden genetic potential. [potion
                  | of mutation]
   526 | D:1      | Gained mutation: You are partially covered in iridescent
                  | scales. (AC +2) [potion of mutation]
   633 | D:2      | Found a faded altar of an unknown god.
   828 | D:2      | Reached XP level 3. HP: 32/33 MP: 2/2
   946 | D:2      | Identified the staff of cold "Imiy" {rPois rC+ Dex+4}
  1569 | D:3      | Gained mutation: You are strong-willed. (Will+) [hidden
                  | potential]
  1964 | D:4      | Reached XP level 4. HP: 37/40 MP: 3/3
  2006 | D:4      | Reached skill level 4 in Axes
  2011 | D:4      | Found a broken altar of Ashenzari.
  2017 | D:4      | Gained mutation: Your flesh is cold resistant. (rC+)
                  | [hidden potential]
  2017 | D:4      | Lost mutation: You have hidden genetic potential. [hidden
                  | potential expressed]
  2019 | D:4      | Reached skill level 1 in Throwing
  2024 | D:4      | Reached XP level 5. HP: 47/47 MP: 4/4
  2185 | D:4      | Found a glowing drain.
  2202 | Sewer    | Entered a sewer
  2384 | Sewer    | Reached XP level 6. HP: 55/55 MP: 5/5
  2403 | Sewer    | Reached skill level 5 in Axes
  2708 | D:4      | Reached skill level 5 in Fighting
  2708 | D:4      | Reached skill level 5 in Armour
  2719 | D:4      | Reached skill level 5 in Shields
  3222 | D:5      | Entered Level 5 of the Dungeon
  3259 | D:5      | Noticed Prince Ribbit
  3265 | D:5      | Killed Prince Ribbit
  3266 | D:5      | Reached skill level 6 in Axes
  3266 | D:5      | Reached XP level 7. HP: 49/61 MP: 6/6
  3334 | D:5      | Noticed Edmund
  3348 | D:5      | Killed Edmund
  3393 | D:5      | Noticed Pikel
  3404 | D:5      | Killed Pikel
  3405 | D:5      | Reached skill level 7 in Axes
  3405 | D:5      | Reached XP level 8. HP: 68/70 MP: 7/7
  3486 | D:5      | Found a radiant altar of Vehumet.
  3486 | D:5      | Found a sacrificial altar of Ru.
  3618 | D:5      | Noticed Menkaure
  3620 | D:5      | Killed Menkaure
  4001 | D:5      | Reached skill level 8 in Axes
  4277 | D:6      | Found a staircase to the Ecumenical Temple.
  4293 | Temple   | Entered the Ecumenical Temple
  4314 | Temple   | Became a worshipper of Warmaster Okawaru
  4373 | D:6      | Found an ancient bone altar of Kikubaaqudgha.
  4752 | D:7      | Reached skill level 1 in Invocations
  4752 | D:7      | Reached XP level 9. HP: 41/78 MP: 8/8
  4754 | D:7      | Reached * piety under Okawaru
  4877 | D:7      | Noticed a komodo dragon
  4885 | D:7      | Killed a komodo dragon
  5047 | D:7      | Reached skill level 9 in Axes
  5085 | D:7      | Identified a scroll of acquirement
  5085 | D:7      | Acquired the ring of Resumed Hostilities {rElec rC+}
  5475 | D:7      | Reached ** piety under Okawaru
  5494 | D:7      | Found the +3 Elemental Staff {rElec rF+ rC+ AC+3}
  5499 | D:7      | Found a stormy altar of Qazlal.
  5853 | D:8      | Noticed Maggie
  5869 | D:8      | Reached skill level 5 in Throwing
  5876 | D:8      | Reached *** piety under Okawaru
  5889 | D:8      | HP: 3/80 [constriction (6)]
  5890 | D:8      | HP: 1/80 [constriction (2)]
  5894 | D:8      | Reached skill level 10 in Axes
  5913 | D:8      | Killed from afar by Maggie

Illustrated notes

Levels and vault maps discovered:
D:1:      wander_arrival_chamber, layout_rooms, minmay_lizard_pond
D:2:      layout_basic, shapermc_ecumenical_altar_ellora
D:3:      layout_rooms, serial_aquarium, aquarium_bridge_square
          [aquarium_subvault_window, aquarium_subvault_wall,
          aquarium_subvault_window, aquarium_subvault_bridge],
          aquarium_bridge_straight [aquarium_subvault_bridge,
          aquarium_subvault_wall, aquarium_subvault_bridge,
          aquarium_subvault_balcony], aquarium_window_2, aquarium_window_corner,
          aquarium_view_2e, minmay_misc_feat_rugged
D:4:      layout_loops_ring, cheibrodos_ashenzari_chains,
          cheibrodos_sewer_entry_bend
D:5:      layout_basic, mainiacjoe_overflow_divided_tiny, uniq_menkaure,
          uniq_edmund, uniq_pikel, uniq_prince_ribbit1
D:6:      layout_basic, mainiacjoe_overflow_concentric_impassable, temple_pool_b
D:7:      layout_basic, mainiacjoe_overflow_cross_hatched
D:8:      layout_basic, hangedman_misty_isle, uniq_grum, uniq_maggie
Temple:   nicolae_temple_ecumenical_triangle

Skill      XL: |  1  2  3  4  5  6  7  8  9 |
---------------+----------------------------+-----
Axes           | 3 4 6 7 8 10 | 10.0
Shields        | 4 5 6 7 |  7.6
Armour         | 4 5 6 7 |  7.7
Fighting       | 4 5 6 7 |  7.8
Throwing       | 1 2 3 4 5 |  5.2
Invocations    | 1 3 |  3.2

Action                     |  1- 3 |  4- 6 |  7- 9 || total
---------------------------+-------+-------+-------++-------
  Melee: War axe           |    86 |   134 |       ||   220
         Headbutt          |    10 |    21 |    22 ||    53
         Broad axe         |       |     4 |   125 ||   129
  Throw: Boomerang         |     1 |       |       ||     1
 Invoke: Heroism           |       |       |     2 ||     2
    Use: Scroll            |     7 |     4 |     9 ||    20
         Potion            |     1 |       |     5 ||     6
 Armour: Scale mail        |    16 |       |       ||    16
         Chain mail        |    40 |    54 |    35 ||   129
         Plate armour      |       |       |    53 ||    53
  Dodge: Dodged            |    60 |    58 |    41 ||   159
  Block: Buckler           |    24 |    33 |    21 ||    78
         Kite shield       |       |       |    37 ||    37
